 Dungeon Crawl Stone Soup version 0.27.0-1-g7a089689b8 (webtiles) character file.

Game seed: 3212921043004267115

39 horus123 the Gusty (level 3, 0/19 HPs)
             Began as a Deep Elf Air Elementalist on Aug 9, 2021.
             Frozen to death by an endoplasm (5 damage)
             ... on level 2 of the Dungeon.
             The game lasted 00:04:49 (1199 turns).

horus123 the Gusty (Deep Elf Air Elementalist)      Turns: 1199, Time: 00:04:49

Health: 0/19       AC:  2    Str:  5    XL:     3   Next: 26%
Magic:  3/9        EV: 12    Int: 20    God:
Gold:   6          SH:  0    Dex: 15    Spells: 2/8 levels left

rFire    . . .     SeeInvis .   (no weapon)
rCold    . . .     Faith    .   (no shield)
rNeg     . . .     Spirit   .   a - +0 robe
rPois    +         Reflect  .   (no helmet)
rElec    .         Harm     .   (no cloak)
rCorr    .         Rampage  .   (no gloves)
Will     .....                  (no boots)
Stlth    ++........             (no amulet)
HPRegen  0.06/turn              b - ring of poison resistance
MPRegen  0.11/turn              (no ring)

@: no status effects
A: no striking features
a: no special abilities


You were on level 2 of the Dungeon.
You visited 1 branch of the dungeon, and saw 2 of its levels.

You collected 6 gold pieces.

Inventory:

Armour
 a - a +0 robe (worn)
Magical Staves
 c - a staff of cold
Jewellery
 b - a ring of poison resistance (left hand)
Scrolls
 d - a scroll of magic mapping {unknown}
 f - a scroll of fog {unknown}
Potions
 e - a potion of curing {unknown}


   Skills:
 + Level 2.6 Dodging
 + Level 2.5 Stealth
 + Level 3.3 Spellcasting
 * Level 1.9 Conjurations
 * Level 3.8 Air Magic


You had 2 spell levels left.
You knew the following spells:

 Your Spells              Type           Power      Damage    Failure   Level
a - Shock                 Conj/Air       56%        1d6       4%          1
b - Static Discharge      Conj/Air       14%        N/A       6%          2
c - Magic Dart            Conj           44%        1d5       6%          1
d - Searing Ray           Conj           22%        3d3       10%         2

Your spell library contained the following spells:

 Spells                   Type           Power      Damage    Failure   Level
 Swiftness                Air            18%        N/A       9%          3
 Airstrike                Air            9%         N/A       28%         4
 Fulminant Prism          Conj/Hex       3%         3d6       67%         4
 Iskenderun's Battlesphe  Conj           11%        2d7       86%         5
 Iron Shot                Conj/Erth      3%         9d2       100%        6
 Spellforged Servitor     Conj/Summ      3%         N/A       100%        7


Dungeon Overview and Level Annotations

Branches:
Dungeon (2/15)

Altars:

Shops:
D:2 [[


Message History

Found Payzoggai's Antique Armour Boutique.
Found a scroll labelled PAMYUCUBODD.
The giant cockroach bites you.
There is a stone staircase leading up here.
The giant cockroach bites you. x2
A quokka comes into view.
The giant cockroach bites you. The giant cockroach closely misses you.
The giant cockroach barely misses you. The giant cockroach closely misses you.
An endoplasm comes into view.
The giant cockroach closely misses you. The giant cockroach closely misses you.
The giant cockroach bites you but does no damage.
The giant cockroach barely misses you. The quokka bites you.
The giant cockroach closely misses you. The quokka bites you.
The giant cockroach bites you.
You see here a ball python corpse.
The giant cockroach closely misses you.
The endoplasm hits you but does no damage.
The giant cockroach bites you.
The giant cockroach waves its antennae.
A rat comes into view.
The giant cockroach waves its antennae.
The giant cockroach closely misses you. The giant cockroach barely misses you.
Found a stone staircase leading up.
Casting: Magic Dart (safe; 6% risk of failure)
Confirm with . or Enter, or press ? or * to list all spells.
You don't know that spell.
Unknown command.
Found 11 gold pieces.
Casting: Magic Dart (safe; 6% risk of failure)
Confirm with . or Enter, or press ? or * to list all spells.
The giant cockroach is struck by an arc of lightning!
You kill the giant cockroach!
You are struck by an arc of lightning.
* * * LOW HITPOINT WARNING * * *
The lightning grounds out.
The endoplasm freezes you.
You are frozen.
You die...

....r. #### ...... ....
...... ##$...# ....
.#....# ...#### ...<..#
#....##......#
########.#..........
##.........r.@.#
##...........J..#.
#...................
#<...................
#..................#.#
#...............>.....
#...............)...#.
###.............∩......
....................


You could see an endoplasm and a quokka.

Vanquished Creatures
  3 dart slugs
  4 ball pythons
  2 bats (D:1)
  6 endoplasms
  A giant cockroach (D:2)
  A goblin (D:1)
  A hobgoblin (D:1)
  3 jackals (D:1)
  A kobold (D:2)
  2 quokkas (D:1)
  2 frilled lizards (D:1)
  4 rats (D:1)
30 creatures vanquished.

Notes
Turn   | Place    | Note
-------+----------+-------------------------------------------
     0 | D:1      | horus123 the Deep Elf Air Elementalist began the quest for
                  | the Orb.
     0 | D:1      | Reached XP level 1. HP: 10/10 MP: 6/6
   211 | D:1      | Reached XP level 2. HP: 15/15 MP: 4/8
   256 | D:1      | Learned a level 2 spell: Static Discharge
   505 | D:1      | Learned a level 1 spell: Magic Dart
   508 | D:1      | Learned a level 2 spell: Searing Ray
   646 | D:1      | Reached XP level 3. HP: 9/19 MP: 1/9
  1127 | D:2      | Found Xuoxt's Antique Armour Emporium.
  1159 | D:2      | Found Payzoggai's Antique Armour Boutique.
  1199 | D:2      | Frozen to death by an endoplasm

Illustrated notes

Levels and vault maps discovered:
D:1:      lemuel_arrival_river_passageway, layout_rooms,
          amcnicky_mini_corridor_feature
D:2:      layout_rooms, serial_shops, nicolae_shop_crystal, shop_fountains,
          shop, nicolae_shop_behind_doors, hex_tiny

Action                   || total
-------------------------++-------
 Cast: Shock             ||    40
       Magic Dart        ||    30
       Searing Ray       ||     2
       Static Discharge  ||     2
Armor: Robe              ||     8
Dodge: Dodged            ||    36
